 Dungeon Crawl Stone Soup version bcrawl-1.21.2-1-g32d02e0829 (webtiles) character file.

Game seed: 10424076890446626576

2102 Foic the Grappler (level 9, -6/83 HPs)
             Began as a Troll Martial Artist on Feb 19, 2020.
             Was a Priest of Wu Jian.
             Mangled by a 14-headed hydra (11 damage)
             ... on level 6 of the Dungeon on Feb 20, 2020.
             The game lasted 00:22:37 (5522 turns).

Foic the Grappler (Troll Martial Artist)            Turns: 5522, Time: 00:22:37

Health: -6/83      AC:  8    Str: 24    XL:     9   Next: 7%
Magic:  12/12      EV: 11    Int:  6    God:    Wu Jian [***...]
Gold:   395        SH:  0    Dex: 13    Spells: 13/14 levels left

rFire    . . .     SeeInvis .   d - +1 mace (protect)
rCold    . . .     Gourm    +   (no shield)
rNeg     . . .     Faith    .   (armour unavailable)
rPois    .         Spirit   .   (helmet restricted)
rElec    .         Reflect  .   (no cloak)
rCorr    .         Harm     .   (gloves unavailable)
MR       +....                  (boots unavailable)
Stlth    +.........             (no amulet)
HPRegen  0.63/turn              u - ring of protection from magic
MPRegen  0.13/turn              (no ring)

@: lightly drained
A: large, almost no armour, unfitting armour, claws 3, fast metabolism 3,
gourmand, regeneration 1, AC +8
a: Wall Jump, Serpent's Lash, Renounce Religion


You were on level 6 of the Dungeon.
You worshipped Wu Jian.
Wu Jian was most pleased with you.
You were very full.

You visited 2 branches of the dungeon, and saw 7 of its levels.

You collected 395 gold pieces.

Inventory:

Hand Weapons
 d - a +1 mace of protection (weapon)
 n - a +3 mace
Missiles
 c - 285 poisoned needles
 m - 855 stones (quivered)
 w - 4 throwing nets {!f}
Jewellery
 b - an uncursed ring of ice
 u - a ring of protection from magic (left claw)
Scrolls
 f - 8 scrolls of identify
 h - 2 scrolls of magic mapping {unknown}
 i - a scroll of amnesia {unknown}
 k - 3 scrolls of teleportation {unknown}
 q - a scroll of immolation {unknown}
 r - a scroll of vulnerability {unknown}
 s - 2 scrolls of remove curse {unknown}
 v - a scroll of noise {unknown}
 x - a scroll of enchant armour {unknown}
Potions
 a - 3 potions of agility
 g - a potion of flight {unknown}
 j - a potion of mutation {unknown}
 l - 3 potions of curing {unknown}
 o - a potion of invisibility {unknown}
 p - a potion of resistance {unknown}
 t - a potion of heal wounds {unknown}
Comestibles
 e - 12 rations {!d}


   Skills:
 + Level 3.3(2.8) Fighting
 + Level 1.0(0.6) Throwing
 + Level 4.5(4.1) Dodging
 - Level 0.4(0.0) Stealth
 + Level 9.9(9.3) Unarmed Combat
 + Level 3.1(2.6) Spellcasting
 + Level 3.5(3.0) Hexes


You had 13 spell levels left.
You knew the following spells:

 Your Spells              Type           Power        Failure   Level  Hunger
a - Confusing Touch       Hex            #.......     11%         1    ##.....

Your spell library contained the following spells:

 Spells                   Type           Power        Failure   Level  Hunger
 Confuse                  Hex            #.......     32%         3    ####...
 Dazzling Spray           Conj/Hex       #.....       52%         3    ####...
 Yara's Violent Unravell  Hex/Tmut       #.........   90%         4    #####..
 Petrify                  Tmut/Erth      #.......     98%         4    #####..
 Metabolic Englaciation   Hex/Ice        #.........   99%         5    ######.
 Mana Rupture             Conj/Hex       #.........   100%        7    #######


Dungeon Overview and Level Annotations

Branches:
Dungeon (6/12)             Temple (1/1) D:5

Altars:
Cheibriados
Dithmenos
Fedhas
Gozag
Hepliaklqana
Kikubaaqudgha
Lugonu
Makhleb
Nemelex Xobeh
Okawaru
Qazlal
Ru
Sif Muna
Trog
Vehumet
Wu Jian
Xom
Yredelemnul
Zin

Shops:
D:6 (


Innate Abilities, Weirdness & Mutations

You cannot wear most types of armour.
Your thick skin is tough. (AC +8)
You are too large for most types of armour.
You have claws for hands.
Your metabolism is lightning-fast.
You like to eat raw meat.
Your natural rate of healing is unusually fast.


Message History

There is a stone staircase leading down here.
You start resting.
HP restored.
Saving game... please wait.
Welcome back, Foic the Troll Martial Artist.
The Council says: Follow the path of wisdom and battle!
Press ? for a list of commands and other information.
You climb downwards.
The 14-headed hydra closely misses you. The 14-headed hydra bites you! x3
The 14-headed hydra completely misses you.
The 14-headed hydra misses you. The 14-headed hydra bites you! x3
* * * LOW HITPOINT WARNING * * *
The 14-headed hydra bites you.
* * * LOW HITPOINT WARNING * * *
The 14-headed hydra bites you.
* * * LOW HITPOINT WARNING * * *
The 14-headed hydra bites you!
* * * LOW HITPOINT WARNING * * *
The 14-headed hydra bites you!
You die...

........# #.###.##.# #.#
####...## #........# #.# ##.##
#........# #.# #.# ###.######
#####.#### #.# #.# #........#
##'## #.# #.###.##.# ##...## #.#
#.# #.##.# ###.....######.#####
#.###.##.# .#......)##....D@..#
#.##...#.#
..........#.##...#.#####.##.....#
..........'......................
..........#.##.....#####........#
.#.......##.##...#.# ####.#....
.##.....###.###....# #......
.###...## #.# ##.#.# ####...
###.#+## #.. ....# ##.# .# ###
##.### #.#


You could see a 14-headed hydra.

Vanquished Creatures
  A centaur skeleton (D:5)
  Grum (D:5)
  2 phantoms
  An orc warrior (D:5)
  2 sky beasts
  A centaur (D:6)
  A big kobold (D:3)
  3 gnoll sergeants (D:5)
  A jelly (D:3)
  A howler monkey (D:6)
  2 crimson imps
  9 hounds (D:5)
  An orc priest (D:6)
  2 orc wizards
  A gnoll shaman (D:5)
  2 iguanas
  3 worker ants
  11 gnolls
  6 adders
  5 worms
  4 dart slugs
  5 leopard geckos
  11 orcs
  3 giant cockroaches (D:1)
  6 goblins (D:2)
  9 hobgoblins
  4 jackals
  10 kobolds
  A quokka (D:5)
  2 ball pythons
  6 bats
  7 frilled lizards
  4 rats
128 creatures vanquished.

Notes
Turn   | Place    | Note
-------+----------+-------------------------------------------
     0 | D:1      | Foic the Troll Martial Artist began the quest for the Orb.
     0 | D:1      | Reached XP level 1. HP: 22/22 MP: 1/1
    98 | D:1      | Reached XP level 2. HP: 23/29 MP: 2/2
   850 | D:1      | Reached XP level 3. HP: 36/36 MP: 3/3
  1182 | D:2      | Reached ** piety under Wu Jian
  1230 | D:2      | Found a burning altar of Makhleb.
  1473 | D:2      | Reached skill level 5 in Unarmed Combat
  1474 | D:2      | Gained mutation: Your natural rate of healing is unusually
                  | fast. [Troll growth]
  1474 | D:2      | Reached XP level 4. HP: 42/44 MP: 4/4
  1870 | D:2      | Found an iron altar of Okawaru.
  2095 | D:3      | Reached XP level 5. HP: 20/50 MP: 5/5
  2222 | D:3      | Reached skill level 6 in Unarmed Combat
  2415 | D:3      | Reached XP level 6. HP: 59/59 MP: 6/6
  2745 | D:3      | Found a shimmering blue altar of Sif Muna.
  2951 | D:4      | Noticed a sky beast
  2954 | D:4      | Killed a sky beast
  3234 | D:4      | Found a shadowy altar of Dithmenos.
  3242 | D:4      | Reached skill level 1 in Throwing
  3242 | D:4      | Reached skill level 7 in Unarmed Combat
  3397 | D:5      | Entered Level 5 of the Dungeon
  3408 | D:5      | Found an ornate altar of the Wu Jian Council.
  3458 | D:5      | Found a staircase to the Ecumenical Temple.
  3473 | D:5      | Reached *** piety under Wu Jian
  3473 | D:5      | Reached XP level 7. HP: 67/67 MP: 5/7
  3505 | Temple   | Entered the Ecumenical Temple
  3811 | D:5      | Noticed Grum
  3818 | D:5      | Killed Grum
  3818 | D:5      | Reached skill level 8 in Unarmed Combat
  3903 | D:5      | Reached XP level 8. HP: 70/75 MP: 7/10
  4057 | D:5      | Found an ornate altar of the Wu Jian Council.
  4403 | D:5      | Reached skill level 9 in Unarmed Combat
  5036 | D:6      | Reached XP level 9. HP: 75/83 MP: 12/12
  5144 | D:6      | Found Lyemem's Weapon Shoppe.
  5202 | D:6      | Noticed a six-headed hydra
  5205 | D:6      | HP: 2/83 [eight-headed hydra (4)]
  5522 | D:6      | Mangled by a 14-headed hydra

Skill      XL: |  1  2  3  4  5  6  7  8 |
---------------+-------------------------+-----
Unarmed Combat | 5 6 7 8 9 |  9.9
Dodging        | 3 4 |  4.5
Fighting       | 3 |  3.3
Throwing       | 1 |  1.0
Hexes          | 2 3 |  3.5
Spellcasting   | 2 3 |  3.1
Stealth        | |  0.4

Action                   |  1- 3 |  4- 6 |  7- 9 || total
-------------------------+-------+-------+-------++-------
Melee: Unarmed           |    88 |   122 |   141 ||   351
       Punch             |       |     3 |     9 ||    12
Throw: Stone             |       |    18 |       ||    18
 Cast: Confusing Touch   |       |     8 |    16 ||    24
Invok: Whirlwind         |    11 |     2 |     6 ||    19
       Lunge             |    10 |    25 |    18 ||    53
 Abil: Serpent's Lash    |       |       |     1 ||     1
  Use: Scroll            |       |     3 |       ||     3
 Stab: Sleeping          |     2 |     2 |     2 ||     6
       Confused          |       |     1 |       ||     1
  Eat: Chunk             |    14 |    12 |    13 ||    39
Armor: Skin              |    23 |    31 |    69 ||   123
Dodge: Dodged            |    57 |    52 |    90 ||   199
